| TOP OF THE 1ST |
|
Clinton LumberKings batting - Pitching for Lansing Lugnuts : RHP Ben Knapp
|
|
Pitching: RHP Ben Knapp
|
|
|
Batting: RHB Julian Gregory
|
0-0: Ball 1-0: Foul Ball, location: 2F 1-1: Foul Ball, location: 2F 1-2: Fly out, F8 (Line Drive, 89D, EV 97.5 MPH)
|
|
Batting: SHB Ray Skogen
|
0-0: Foul Ball, location: 2F 0-1: Swinging Strike 0-2: Foul Ball, location: 2F 0-2: Fly out, F5 (Line Drive, 5L, EV 60.0 MPH)
|
|
Batting: LHB Jason Kinney
|
0-0: Ball 1-0: Called Strike 1-1: Swinging Strike 1-2: Strikes out looking
|
| Top of the 1st over - 0 runs, 0 hits, 0 errors, 0 left on base; Clinton 0 - Lansing 0 |
| BOTTOM OF THE 1ST |
|
Lansing Lugnuts batting - Pitching for Clinton LumberKings : LHP Andy Mathis
|
|
Pitching: LHP Andy Mathis
|
|
|
Batting: RHB Tokuji Kawabata
|
0-0: Fly out, F4 (Popup, 4S, EV 73.8 MPH)
|
|
Batting: RHB Ben Zeiler
|
0-0: Ball 1-0: Ball 2-0: Foul Ball, location: 2F 2-1: Ball 3-1: Called Strike 3-2: Strikes out looking
|
|
Batting: RHB Raul de la Cruz
|
0-0: Called Strike 0-1: Swinging Strike 0-2: Ground out 5-3 (Groundball, 56, EV 86.2 MPH)
|
| Bottom of the 1st over - 0 runs, 0 hits, 0 errors, 0 left on base; Clinton 0 - Lansing 0 |
| TOP OF THE 2ND |
|
Clinton LumberKings batting - Pitching for Lansing Lugnuts : RHP Ben Knapp
|
|
Batting: RHB Hideo Okimura
|
0-0: Called Strike 0-1: Ground out 5-3 (Groundball, 56S, EV 90.6 MPH)
|
|
Batting: RHB Ching-hsia Zhang
|
0-0: Fly out, F8 (Line Drive, 8RD, EV 91.2 MPH)
|
|
Batting: RHB Doug Carter
|
0-0: Ball 1-0: Called Strike 1-1: Called Strike 1-2: Strikes out swinging
|
| Top of the 2nd over - 0 runs, 0 hits, 0 errors, 0 left on base; Clinton 0 - Lansing 0 |
| BOTTOM OF THE 2ND |
|
Lansing Lugnuts batting - Pitching for Clinton LumberKings : LHP Andy Mathis
|
|
Batting: RHB Dylan Phillips
|
0-0: Called Strike 0-1: Foul Ball, location: 2F 0-2: Ground out 5-3 (Groundball, 56S, EV 89.4 MPH)
|
|
Batting: RHB Chris Martin
|
0-0: Ball 1-0: Called Strike 1-1: Ball 2-1: Ball 3-1: Base on Balls
|
|
Batting: LHB Pauli Gassinger
|
0-0: Called Strike 0-1: Called Strike Chris Martin steals 2nd base 0-2: Foul Ball, location: 2F 0-2: Ground out 6-3 (Groundball, 6, EV 83.1 MPH) Chris Martin to third
|
|
Batting: LHB Roger Escareno
|
0-0: Foul Ball, location: 2F 0-1: Called Strike 0-2: Ball 1-2: Ground out 4-3 (Groundball, 4, EV 108.1 MPH)
|
| Bottom of the 2nd over - 0 runs, 0 hits, 0 errors, 1 left on base; Clinton 0 - Lansing 0 |
| TOP OF THE 3RD |
|
Clinton LumberKings batting - Pitching for Lansing Lugnuts : RHP Ben Knapp
|
|
Batting: RHB Rich Justice
|
0-0: Called Strike 0-1: Ball 1-1: Ball 2-1: Foul Ball, location: 2F 2-2: Strikes out swinging
|
|
Batting: RHB Egidius Kruger
|
0-0: Swinging Strike 0-1: Swinging Strike 0-2: Strikes out swinging
|
|
Batting: RHB David Greene
|
0-0: Ball 1-0: Ground out 6-3 (Groundball, 6, EV 115.0 MPH)
|
| Top of the 3rd over - 0 runs, 0 hits, 0 errors, 0 left on base; Clinton 0 - Lansing 0 |
| BOTTOM OF THE 3RD |
|
Lansing Lugnuts batting - Pitching for Clinton LumberKings : LHP Andy Mathis
|
|
Batting: LHB Timo Gomez
|
0-0: Foul Ball, location: 2F 0-1: Swinging Strike 0-2: SINGLE (Groundball, 34D, EV 95.0 MPH)
|
|
Batting: RHB Kyle Scruggs
|
0-0: Ball 1-0: Foul Ball, location: 2F 1-1: Foul Ball, location: 2F 1-2: Ground out 5-3 (Groundball, 56S, EV 60.6 MPH) Timo Gomez to second
|
|
Batting: RHB Tokuji Kawabata
|
0-0: Ball 1-0: Fly out, F9 (Flyball, 9S, EV 75.6 MPH)
|
|
Batting: RHB Ben Zeiler
|
0-0: Ball 1-0: Ball 2-0: SINGLE (Line Drive, 89S, EV 106.2 MPH) Timo Gomez to third Runner from 3rd tries for Home, throw by RF and OUT! 9-2
|
| Bottom of the 3rd over - 0 runs, 2 hits, 0 errors, 1 left on base; Clinton 0 - Lansing 0 |
| TOP OF THE 4TH |
|
Clinton LumberKings batting - Pitching for Lansing Lugnuts : RHP Ben Knapp
|
|
Batting: RHB Julian Gregory
|
0-0: Called Strike 0-1: Ball 1-1: Ball 2-1: Foul Ball, location: 2F 2-2: Strikes out swinging
|
|
Batting: SHB Ray Skogen
|
0-0: Swinging Strike 0-1: Foul Ball, location: 2F 0-2: Strikes out looking
|
|
Batting: LHB Jason Kinney
|
0-0: Foul Ball, location: 2F 0-1: Ball 1-1: Called Strike 1-2: Ball 2-2: Foul Ball, location: 2F 2-2: Ball 3-2: Ground out 1-3 (Groundball, 34S, EV 66.9 MPH)
|
| Top of the 4th over - 0 runs, 0 hits, 0 errors, 0 left on base; Clinton 0 - Lansing 0 |
| BOTTOM OF THE 4TH |
|
Lansing Lugnuts batting - Pitching for Clinton LumberKings : LHP Andy Mathis
|
|
Batting: RHB Raul de la Cruz
|
0-0: Ball 1-0: Foul Ball, location: 2F 1-1: Ball 2-1: Ball 3-1: Called Strike 3-2: Foul Ball, location: 2F 3-2: Foul Ball, location: 2F 3-2: Ground out 4-3 (Groundball, 34, EV 105.0 MPH)
|
|
Batting: RHB Dylan Phillips
|
0-0: Ball 1-0: Ball 2-0: Ball 3-0: Base on Balls
|
|
Batting: RHB Chris Martin
|
0-0: Called Strike Dylan Phillips is caught stealing 2nd base 2-4 0-1: Foul Ball, location: 2F 0-2: Ball 1-2: SINGLE (Line Drive, 78S, EV 90.0 MPH)
|
|
Batting: LHB Pauli Gassinger
|
0-0: Called Strike Chris Martin is caught stealing 2nd base 2-6
|
| Bottom of the 4th over - 0 runs, 1 hit, 0 errors, 0 left on base; Clinton 0 - Lansing 0 |
| TOP OF THE 5TH |
|
Clinton LumberKings batting - Pitching for Lansing Lugnuts : RHP Ben Knapp
|
|
Batting: RHB Hideo Okimura
|
0-0: Swinging Strike 0-1: Ball 1-1: SINGLE (Groundball, 6MD, EV 108.8 MPH)
|
|
Batting: RHB Ching-hsia Zhang
|
0-0: Foul Ball, location: 2F 0-1: Ball 1-1: Foul Ball, location: 2F 1-2: Fly out, F8 (Flyball, 78M, EV 86.9 MPH)
|
|
Batting: RHB Doug Carter
|
0-0: Ground out 5-3 (Groundball, 56S, EV 81.9 MPH) Hideo Okimura to second
|
|
Batting: RHB Rich Justice
|
0-0: Called Strike 0-1: Ball 1-1: Ball 2-1: Foul Ball, location: 2F 2-2: Foul Ball, location: 2F 2-2: Strikes out swinging, 2-3 out at first.
|
| Top of the 5th over - 0 runs, 1 hit, 0 errors, 1 left on base; Clinton 0 - Lansing 0 |
| BOTTOM OF THE 5TH |
|
Lansing Lugnuts batting - Pitching for Clinton LumberKings : LHP Andy Mathis
|
|
Batting: LHB Pauli Gassinger
|
0-0: Called Strike 0-1: Called Strike 0-2: Ball 1-2: Ball 2-2: Foul Ball, location: 2F 2-2: Ground out 4-3 (Groundball, 4, EV 77.5 MPH)
|
|
Batting: LHB Roger Escareno
|
0-0: Ball 1-0: Fly out, F8 (Line Drive, 8RD, EV 86.9 MPH)
|
|
Batting: LHB Timo Gomez
|
0-0: Called Strike 0-1: Foul Ball, location: 2F 0-2: Ball 1-2: Ball 2-2: Fly out, F8 (Flyball, 8RXD, EV 95.0 MPH)
|
| Bottom of the 5th over - 0 runs, 0 hits, 0 errors, 0 left on base; Clinton 0 - Lansing 0 |
| TOP OF THE 6TH |
|
Clinton LumberKings batting - Pitching for Lansing Lugnuts : RHP Ben Knapp
|
|
Batting: RHB Egidius Kruger
|
0-0: Fly out, F9 (Flyball, 9S, EV 71.2 MPH)
|
|
Batting: RHB David Greene
|
0-0: Called Strike 0-1: Ball 1-1: Ball 2-1: Swinging Strike 2-2: Strikes out swinging
|
|
Batting: RHB Julian Gregory
|
0-0: Ball 1-0: Swinging Strike 1-1: Swinging Strike 1-2: Foul Ball, location: 2F 1-2: Foul Ball, location: 2F 1-2: Foul Ball, location: 2F 1-2: SINGLE (Groundball, 3D, EV 103.8 MPH)
|
|
Batting: SHB Ray Skogen
|
0-0: Called Strike 0-1: Ball 1-1: Ball Julian Gregory is caught stealing 2nd base 2-6
|
| Top of the 6th over - 0 runs, 1 hit, 0 errors, 0 left on base; Clinton 0 - Lansing 0 |
| BOTTOM OF THE 6TH |
|
Lansing Lugnuts batting - Pitching for Clinton LumberKings : LHP Andy Mathis
|
|
Batting: RHB Kyle Scruggs
|
0-0: Called Strike 0-1: Ground out 6-3 (Groundball, 6, EV 81.9 MPH)
|
|
Batting: RHB Tokuji Kawabata
|
0-0: Swinging Strike 0-1: SINGLE (Groundball, 56D, EV 98.1 MPH)
|
|
Batting: RHB Ben Zeiler
|
0-0: Ball 1-0: Ball 2-0: Foul Ball, location: 2F 2-1: Ball 3-1: Called Strike 3-2: DOUBLE (Groundball, 5L, EV 103.1 MPH) Tokuji Kawabata to third
|
|
Batting: RHB Raul de la Cruz
|
0-0: Ball 1-0: SINGLE (Line Drive, 89S, EV 95.0 MPH) Tokuji Kawabata scores Ben Zeiler to third
|
|
Batting: RHB Dylan Phillips
|
0-0: Ball 1-0: Ball 2-0: Foul Ball, location: 2F 2-1: Foul Ball, location: 2F 2-2: Ball 3-2: Ground out 5-3 (Groundball, 5S, EV 64.4 MPH) Raul de la Cruz to second
|
|
Pitching: RHP Raul Lopez
|
|
|
Batting: RHB Chris Martin
|
0-0: Ball 1-0: Ball 2-0: Ball 3-0: Called Strike 3-1: Base on Balls
|
|
Batting: LHB Pauli Gassinger
|
0-0: Ball 1-0: Ball 2-0: Called Strike 2-1: Ball 3-1: Ground out 3-1 (Groundball, 34, EV 103.1 MPH)
|
| Bottom of the 6th over - 1 run, 3 hits, 0 errors, 3 left on base; Clinton 0 - Lansing 1 |
| TOP OF THE 7TH |
|
Clinton LumberKings batting - Pitching for Lansing Lugnuts : RHP Ben Knapp
|
|
Now at 1B: John Michener
|
|
|
Now at 2B: Dylan Phillips
|
|
|
Now at 3B: Kyle Scruggs
|
|
|
Now in CF: Kurt Estep
|
|
|
Now in RF: Timo Gomez
|
|
|
Batting: SHB Ray Skogen
|
0-0: Ball 1-0: Called Strike 1-1: Swinging Strike 1-2: SINGLE (Line Drive, 34, EV 95.0 MPH)
|
|
Pitching: RHP Matt Still
|
|
|
Batting: LHB Jason Kinney
|
0-0: Ball 1-0: Ball 2-0: Ball Ray Skogen is caught stealing 2nd base 2-6 3-0: Base on Balls
|
|
Batting: RHB Hideo Okimura
|
0-0: Foul Ball, location: 2F 0-1: SINGLE (Groundball, 34D, EV 96.2 MPH) Jason Kinney to second Runner from 2nd tries for 3rd, SAFE, throw by RF made to third Hideo Okimura to second
|
|
Batting: RHB Ching-hsia Zhang
|
0-0: Foul Ball, location: 2F 0-1: Swinging Strike 0-2: Ball 1-2: Strikes out swinging
|
|
Batting: RHB Doug Carter
|
0-0: Fly out, F6 (Line Drive, 6M, EV 73.8 MPH)
|
| Top of the 7th over - 0 runs, 2 hits, 0 errors, 2 left on base; Clinton 0 - Lansing 1 |
| BOTTOM OF THE 7TH |
|
Lansing Lugnuts batting - Pitching for Clinton LumberKings : RHP Raul Lopez
|
|
Batting: RHB John Michener
|
0-0: Fly out, F8 (Flyball, 8LM, EV 76.2 MPH)
|
|
Batting: LHB Timo Gomez
|
0-0: Ball 1-0: Called Strike 1-1: DOUBLE (Flyball, 8RXD, EV 98.8 MPH)
|
|
Batting: RHB Kyle Scruggs
|
0-0: Called Strike 0-1: Swinging Strike 0-2: Ball 1-2: Foul Ball, location: 2F 1-2: Ball 2-2: Fly out, F2 (Popup, 25F, EV 90.6 MPH)
|
|
Batting: RHB Tokuji Kawabata
|
0-0: Foul Ball, location: 2F 0-1: Foul Ball, location: 2F 0-2: Ball 1-2: Ground out 6-3 (Groundball, 6, EV 104.4 MPH)
|
| Bottom of the 7th over - 0 runs, 1 hit, 0 errors, 1 left on base; Clinton 0 - Lansing 1 |
| TOP OF THE 8TH |
|
Clinton LumberKings batting - Pitching for Lansing Lugnuts : RHP Matt Still
|
|
Pitching: RHP Hanskarl Miller
|
|
|
Batting: RHB Rich Justice
|
0-0: Ball 1-0: Foul Ball, location: 2F 1-1: Foul Ball, location: 2F 1-2: Strikes out looking
|
|
Batting: RHB Egidius Kruger
|
0-0: Foul Ball, location: 2F 0-1: Hit by Pitch
|
|
Batting: RHB David Greene
|
0-0: Foul Ball, location: 2F 0-1: Foul Ball, location: 2F 0-2: Strikes out swinging
|
|
Batting: RHB Julian Gregory
|
0-0: Ball 1-0: Ball 2-0: Foul Ball, location: 2F 2-1: Called Strike 2-2: Foul Ball, location: 2F 2-2: Ground out 6-3 (Groundball, 6MS, EV 63.1 MPH)
|
| Top of the 8th over - 0 runs, 0 hits, 0 errors, 1 left on base; Clinton 0 - Lansing 1 |
| BOTTOM OF THE 8TH |
|
Lansing Lugnuts batting - Pitching for Clinton LumberKings : RHP Raul Lopez
|
|
Batting: RHB Ben Zeiler
|
0-0: Ball 1-0: DOUBLE (Line Drive, 78D, EV 108.1 MPH)
|
|
Batting: RHB Raul de la Cruz
|
0-0: Intentional Walk
|
|
Batting: RHB Dylan Phillips
|
0-0: Ball 1-0: Ball 2-0: Ball 3-0: Base on Balls Ben Zeiler to third Raul de la Cruz to second
|
|
Batting: LHB Kurt Estep
|
0-0: Called Strike 0-1: Swinging Strike 0-2: Ball 1-2: Ball 2-2: Strikes out swinging
|
|
Batting: LHB Pauli Gassinger
|
0-0: Called Strike 0-1: Foul Ball, location: 2F 0-2: Hit by Pitch Ben Zeiler scores Raul de la Cruz to third Dylan Phillips to second
|
|
Batting: RHB John Michener
|
0-0: Called Strike 0-1: Ball 1-1: Swinging Strike 1-2: Ball 2-2: Ball 3-2: SINGLE (Groundball, 6MD, EV 106.9 MPH) Raul de la Cruz scores Dylan Phillips to third Pauli Gassinger to second Runner from 3rd tries for Home, SAFE, throw by CF to home
|
|
Pitching: RHP Adam Fair
|
|
|
Batting: LHB Timo Gomez
|
0-0: Ball 1-0: Foul Ball, location: 2F 1-1: Fly out, F9 (Flyball, 9, EV 83.8 MPH)
|
|
Batting: RHB Kyle Scruggs
|
0-0: Ball 1-0: Foul Ball, location: 2F 1-1: Swinging Strike 1-2: Ball 2-2: Strikes out swinging
|
| Bottom of the 8th over - 3 runs, 2 hits, 0 errors, 2 left on base; Clinton 0 - Lansing 4 |
| TOP OF THE 9TH |
|
Clinton LumberKings batting - Pitching for Lansing Lugnuts : RHP Hanskarl Miller
|
|
Batting: SHB Ray Skogen
|
0-0: Ball 1-0: Swinging Strike 1-1: Called Strike 1-2: Ball 2-2: Ball 3-2: Foul Ball, location: 2F 3-2: Strikes out looking
|
|
Batting: LHB Jason Kinney
|
0-0: Called Strike 0-1: Swinging Strike 0-2: Strikes out looking
|
|
Batting: RHB Hideo Okimura
|
0-0: Ball 1-0: Ball 2-0: Fly out, F8 (Line Drive, 8RM, EV 94.4 MPH)
|
| Top of the 9th over - 0 runs, 0 hits, 0 errors, 0 left on base; Clinton 0 - Lansing 4 |
|